 Dungeon Crawl Stone Soup version 0.16.0-8-gd9ae3a8 (webtiles) character file.

206 HolyRage the Cudgeler (level 5, 0/45 HPs)
             Began as a Minotaur Berserker on Mar 16, 2015.
             Was a Priest of Trog.
             Slain by a gnoll
             ... wielding a +0 spear
              (3 damage)
             ... on level 3 of the Dungeon.
             The game lasted 00:23:15 (2565 turns).

HolyRage the Cudgeler (Minotaur Berserker)          Turns: 2565, Time: 00:23:15

Health: 0/45       AC:  9    Str: 22    XL:     5   Next: 53%
Magic:  2/2        EV: 10    Int:  4    God:    Trog [***...]
Gold:   120        SH:  0    Dex: 10    Spells: 0 memorised, 4 levels left

rFire  . . .     SeeInvis .     b - -3 blowgun (curse)
rCold  . . .     Clarity  .     h - +0 scale mail
rNeg   . . .     SustAb   .     (no shield)
rPois  .         Gourm    .     (helmet restricted)
rElec  .         Spirit   .     (no cloak)
rCorr  .         Warding  .     (no gloves)
rMut   .         Stasis   .     l - +2 pair of boots
MR     .....                    (no amulet)
Stlth  ..........               (no ring)
                                (no ring)

@: exhausted, about to teleport, slowed, very slow, not resistant to hostile
enchantments, extremely unstealthy
A: retaliatory headbutt, horns 2
a: Burn Spellbooks, Berserk, Trog's Hand, Renounce Religion


You were on level 3 of the Dungeon.
You worshipped Trog.
Trog was most pleased with you.
You were not hungry.

You visited 1 branch of the dungeon, and saw 3 of its levels.

You collected 120 gold pieces.

Inventory:

Hand weapons
 a - a +0 mace
 b - a cursed -3 blowgun (weapon)
 j - a +0 flail
Missiles
 m - 19 arrows
Armour
 f - a +0 leather armour
 h - a +0 scale mail (worn)
 l - a +2 pair of boots (worn)
Scrolls
 d - 3 scrolls of identify
 e - 2 scrolls of teleportation
Potions
 g - 2 potions of curing
Comestibles
 c - 6 bread rations
 i - a chunk of flesh
 k - 6 fruits


   Skills:
 - Level 3.6 Fighting
 + Level 7.6 Maces & Flails
 - Level 2.4 Armour
 - Level 2.1 Dodging


You had 4 spell levels left.
You didn't know any spells.

Dungeon Overview and Level Annotations

Branches:
Dungeon (3/15)

Altars:
Makhleb


Innate Abilities, Weirdness & Mutations

You reflexively headbutt those who attack you in melee.
You have a pair of horns on your head.


Message History

You closely miss the gnoll. The gnoll barely misses you.
You furiously retaliate!
You headbutt the gnoll! The gnoll hits you but does no damage.
The gnoll hits you with a spear.
* * * LOW HITPOINT WARNING * * *
The gnoll closely misses you. x2
The gnoll hits you with a spear.
* * * LOW HITPOINT WARNING * * *
The gnoll hits you but does no damage.
The gnoll hits you from afar with a spear.
* * * LOW HITPOINT WARNING * * *
The gnoll misses you. The gnoll hits you but does no damage.
Things that are here:
a dagger; an adder corpse; a kobold corpse You feel sick.
You are no longer poisoned.
The gnoll hits you but does no damage.
As you read the scroll of teleportation, it crumbles to dust.
You feel strangely unstable.
The gnoll hits you from afar with a spear.
You die...

#.##g#...g.......... ..
# #.#..............
.....
#g#....................
..#######..............
... #....(......... ...
#.....)........ ....
####.............. .r.
#.)gg.............
#@##..............
#.##..............
#.##..............
#.##..............
#.##..............
#.................
####..............
#..............
#..............


You could see 2 gnolls.

Vanquished Creatures
  An ogre (D:3)
  A gnoll (D:3)
  5 adders
  2 worms (D:2)
  A ball python (D:2)
  3 giant cockroaches
  7 goblins
  7 hobgoblins
  7 jackals (D:2)
  8 kobolds
  8 bats
  A giant gecko (D:2)
  7 giant newts
  5 rats
  A plant (D:1)
64 creatures vanquished.

Notes
Turn   | Place    | Note
--------------------------------------------------------------
     0 | D:1      | HolyRage, the Minotaur Berserker, began the quest for the Orb.
     0 | D:1      | Reached XP level 1. HP: 19/19 MP: 1/1
   164 | D:1      | Reached skill level 4 in Maces & Flails
   794 | D:1      | Reached XP level 2. HP: 26/26 MP: 1/1
  1183 | D:1      | Acquired Trog's second power
  1183 | D:1      | Reached skill level 5 in Maces & Flails
  1364 | D:1      | Reached XP level 3. HP: 29/31 MP: 2/2
  1857 | D:2      | Found a burning altar of Makhleb.
  2082 | D:2      | Reached XP level 4. HP: 36/39 MP: 2/2
  2189 | D:2      | Reached skill level 6 in Maces & Flails
  2284 | D:3      | Noticed an ogre
  2288 | D:3      | Killed an ogre
  2288 | D:3      | Reached skill level 7 in Maces & Flails
  2288 | D:3      | Reached XP level 5. HP: 45/45 MP: 2/2
  2565 | D:3      | Slain by a gnoll

Action                   |  1- 3 |  4- 6 || total
-------------------------+-------+-------++-------
Melee: Mace              |    72 |       ||    72
       Flail             |    42 |     9 ||    51
       Blowgun           |       |    50 ||    50
Invok: Berserk           |       |     2 ||     2
  Use: Scroll            |     2 |     2 ||     4
       Potion            |     3 |     2 ||     5
  Eat: Chunk             |     4 |     2 ||     6
       Pizza             |       |     1 ||     1
